 Dungeon Crawl Stone Soup version 0.21-a0-522-ga8338f0 (webtiles) character file.

5878 aronpayne the Ducker (level 10, -4/79 HPs)
             Began as a Gnoll Wanderer on Dec 7, 2017.
             Was a Believer of Qazlal.
             Slain by a crocodile (10 damage)
             ... on level 10 of the Dungeon.
             The game lasted 00:59:22 (10509 turns).

aronpayne the Ducker (Gnoll Wanderer)              Turns: 10509, Time: 00:59:23

Health: -4/79      AC:  8    Str: 19    XL:     10   Next: 81%
Magic:  3/18       EV: 21    Int: 21    God:    Qazlal [**....]
Gold:   519        SH:  3    Dex: 19    Spells: 20/20 levels left

rFire    + . .     SeeInvis +   s - +1 morningstar (protect)
rCold    . . .     Gourm    .   (no shield)
rNeg     + . .     Faith    .   i - +2 ring mail "Toteeso" {rPois rN+ SInv}
rPois    +         Spirit   .   (no helmet)
rElec    .         Reflect  .   (no cloak)
rCorr    .         Harm     .   (no gloves)
MR       .....                  (no boots)
Stlth    +++.......             (no amulet)
HPRegen  0.23/turn              a - +6 ring of intelligence
MPRegen  0.16/turn              w - ring of protection from fire

@: mighty, agile
A: distributed training, fangs 1, clumsy 1, weak 1, wild magic 1, strong nose
a: Upheaval, Renounce Religion


You were on level 10 of the Dungeon.
You worshipped Qazlal.
Qazlal was pleased with you.
You were full.

You visited 2 branches of the dungeon, and saw 11 of its levels.

You collected 519 gold pieces.

Inventory:

Hand Weapons
 q - a +1 battleaxe
 s - a +1 morningstar of protection (weapon)
 O - a +1 hand axe of electrocution
Armour
 i - the +2 ring mail "Toteeso" (worn) {rPois rN+ SInv}
   (You found it on level 6 of the Dungeon)

   It protects you from poison.
   It protects you from negative energy.
   It lets you see invisible.
 y - a +4 ring mail of fire resistance
Jewellery
 a - a +6 ring of intelligence (left hand)
 e - an uncursed ring of wizardry
 w - a ring of protection from fire (right hand)
 z - an uncursed ring of see invisible
Wands
 c - a wand of flame (1)
 k - a wand of polymorph (9)
 A - a wand of paralysis (13)
 H - a wand of random effects (46)
 J - a wand of digging (11)
 L - a wand of disintegration (2)
Scrolls
 b - 2 scrolls of random uselessness {unknown}
 d - 3 scrolls of teleportation {unknown}
 g - 9 scrolls of remove curse
 j - 2 scrolls of fear
 l - 3 scrolls of noise {unknown}
 o - 5 scrolls of enchant armour {unknown}
 p - 2 scrolls of identify
 t - 3 scrolls of amnesia {unknown}
 u - 2 scrolls of blinking {unknown}
 F - a scroll of enchant weapon {unknown}
 G - a scroll of immolation {unknown}
 I - 2 scrolls of fog {unknown}
Potions
 h - a potion of invisibility
 m - 2 potions of magic
 x - a potion of curing
Books
 K - a book of Battle

   Spells                             Type                      Level
   a - Infusion                       Charms                       1
   b - Shroud of Golubria             Charms/Translocation         2
   c - Song of Slaying                Charms                       2
   d - Spectral Weapon                Hexes/Charms                 3
   e - Regeneration                   Charms/Necromancy            3
Comestibles
 f - 8 bread rations
 n - 10 royal jellies
 v - 6 meat rations
 C - 15 chunks of flesh


   Skills:
 + Level 7.2 Fighting
 + Level 7.2 Short Blades
 + Level 5.5 Long Blades
 + Level 5.5 Axes
 + Level 5.5 Maces & Flails
 + Level 5.5 Polearms
 + Level 7.2 Staves
 + Level 5.5 Slings
 + Level 5.5 Bows
 + Level 5.5 Crossbows
 + Level 5.5 Throwing
 + Level 5.5 Armour
 + Level 7.2 Dodging
 + Level 6.1 Stealth
 + Level 5.5 Shields
 + Level 5.5 Unarmed Combat
 + Level 5.5 Spellcasting
 + Level 4.5 Conjurations
 + Level 4.5 Hexes
 + Level 4.5 Charms
 + Level 4.5 Summonings
 + Level 4.5 Necromancy
 + Level 4.5 Translocations
 + Level 4.5 Transmutations
 + Level 4.5 Fire Magic
 + Level 4.5 Ice Magic
 + Level 4.5 Air Magic
 + Level 4.5 Earth Magic
 + Level 4.5 Poison Magic
 + Level 6.1 Invocations
 + Level 6.1 Evocations


You had 20 spell levels left.
You didn't know any spells.

Dungeon Overview and Level Annotations

Branches:
Dungeon (11/15)            Temple (1/1) D:4
   Lair: D:8-11         Orc: D:9-12

Altars:
Ashenzari
Cheibriados
Dithmenos
Elyvilon
Fedhas
Gozag
Hepliaklqana
Kikubaaqudgha
Makhleb
Nemelex Xobeh
Okawaru
Qazlal
Ru
Trog
Vehumet
Wu Jian
Xom
Yredelemnul
Zin
The Shining One

Annotations:
D:11 exclusion: orange crystal statue


Innate Abilities, Weirdness & Mutations

Your experience applies equally to all skills.
You have very sharp teeth.
Your uncanny sense of smell can sniff out nearby items.
You are clumsy. (Dex -2)
You are weak. (Str -2)
Your spells are a little harder to cast, but a little more powerful.


Message History

* * * LOW HITPOINT WARNING * * *
It was a potion of might.
You feel very mighty all of a sudden. The orc barely misses you.
The crocodile bites you!
* * * LOW HITPOINT WARNING * * *
Aiming: Upheaval
Press: ? - help, Dir - move target cursor, f - orc
Aim: an orc, wielding a flail and wearing a ring mail That beam is likely to hit you.
Continue anyway?
Okay, then.
Aiming: Upheaval
Press: ? - help, Dir - move target cursor, p - orc Magma suddenly erupts from the ground!
The blast of magma engulfs the crocodile.
The crocodile is severely wounded.
The blast of magma engulfs the orc.
You kill the orc!
Qazlal accepts your kill. The crocodile bites you!
You die...

.. #..............
...####...##((....###
........))...(.......
.............(.......
........)>.(.........
..#####).[(########..
#.%......# .
....%...≈t§#
........†)@#
...........#
###...###### .....
..... ..


You could see a crocodile.

Vanquished Creatures
  A troll (D:10)
  The ghost of aronpayne the Cudgeler, an amateur DsFi of Okawaru (D:7)
  2 hornets (D:8)
  Sigmund (D:2)
  2 wyverns (D:10)
  3 yaks (D:10)
  Edmund (D:4)
  3 orc warriors
  2 ice beasts (D:6)
  2 phantoms (D:7)
  A black bear (D:6)
  4 centaurs
  5 ogres
  A big kobold (D:11)
  5 bullfrogs
  A gnoll sergeant (D:6)
  A water moccasin zombie (D:7)
  2 scorpions
  3 killer bees (D:10)
  5 wights (D:7)
  6 crimson imps
  A centaur zombie (D:5)
  A jelly (D:8)
  A bullfrog skeleton (D:5)
  A gnoll shaman (D:5)
  4 orc priests
  2 centaur skeletons
  3 hounds
  9 orc wizards
  Natasha (thrice) (D:2)
  An iguana (D:6)
  9 worker ants
  A killer bee zombie (D:6)
  A howler monkey zombie (D:6)
  15 gnolls
  A howler monkey skeleton (D:6)
  5 adders
  3 shadow imps
  2 oozes
  4 worms
  4 dart slugs
  A leopard gecko (D:5)
  38 orcs
  2 ball pythons (D:2)
  11 giant cockroaches
  12 hobgoblins
  7 jackals
  7 quokkas
  A ball python skeleton (D:4)
  5 bats
  3 frilled lizards
  9 goblins
  A jackal skeleton (D:4)
  A jackal zombie (D:8)
  19 kobolds
  A leopard gecko skeleton (D:6)
  5 rats
246 creatures vanquished.

Vanquished Creatures (collateral kills)
  A wraith (D:11)
  A centaur (D:11)
  A leopard gecko (D:11)
3 creatures vanquished.

Vanquished Creatures (others)
  5 toadstools (D:1)
5 creatures vanquished.

Grand Total: 254 creatures vanquished

Notes
Turn   | Place    | Note
-------+----------+-------------------------------------------
     0 | D:1      | aronpayne the Gnoll Wanderer began the quest for the Orb.
     0 | D:1      | aronpayne set off with: a +2 quarterstaff, a potion of curing, a potion of lignification, a +0 robe, a bread ration
     0 | D:1      | Reached XP level 1. HP: 20/20 MP: 2/2
   143 | D:1      | Reached XP level 2. HP: 25/26 MP: 3/3
   822 | D:1      | You fall through a shaft!
   856 | D:2      | Reached XP level 3. HP: 31/31 MP: 4/4
   897 | D:2      | Reached skill level 1 in Invocations
   941 | D:2      | Reached skill level 1 in Long Blades
   941 | D:2      | Reached skill level 1 in Axes
   941 | D:2      | Reached skill level 1 in Maces & Flails
   941 | D:2      | Reached skill level 1 in Polearms
   941 | D:2      | Reached skill level 1 in Slings
   941 | D:2      | Reached skill level 1 in Bows
   941 | D:2      | Reached skill level 1 in Crossbows
   941 | D:2      | Reached skill level 1 in Throwing
   941 | D:2      | Reached skill level 1 in Armour
   941 | D:2      | Reached skill level 1 in Shields
   941 | D:2      | Reached skill level 1 in Unarmed Combat
   941 | D:2      | Reached skill level 1 in Spellcasting
   941 | D:2      | Reached XP level 4. HP: 32/38 MP: 4/6
  1004 | D:2      | Reached skill level 1 in Conjurations
  1004 | D:2      | Reached skill level 1 in Hexes
  1004 | D:2      | Reached skill level 1 in Charms
  1004 | D:2      | Reached skill level 1 in Summonings
  1004 | D:2      | Reached skill level 1 in Necromancy
  1004 | D:2      | Reached skill level 1 in Translocations
  1004 | D:2      | Reached skill level 1 in Transmutations
  1004 | D:2      | Reached skill level 1 in Fire Magic
  1004 | D:2      | Reached skill level 1 in Ice Magic
  1004 | D:2      | Reached skill level 1 in Air Magic
  1004 | D:2      | Reached skill level 1 in Earth Magic
  1004 | D:2      | Reached skill level 1 in Poison Magic
  1253 | D:2      | Noticed Natasha
  1261 | D:2      | Killed Natasha
  1261 | D:2      | Reached XP level 5. HP: 35/43 MP: 7/7
  1460 | D:2      | Noticed Sigmund
  1558 | D:2      | Noticed Natasha
  1567 | D:2      | Killed Natasha
  1816 | D:2      | Noticed Natasha
  1823 | D:2      | Killed Natasha
  2038 | D:2      | Killed Sigmund
  2038 | D:2      | Reached skill level 5 in Fighting
  2038 | D:2      | Reached skill level 5 in Short Blades
  2038 | D:2      | Reached skill level 5 in Staves
  2038 | D:2      | Reached skill level 5 in Dodging
  2038 | D:2      | Reached XP level 6. HP: 51/51 MP: 7/9
  2210 | D:2      | You fall through a shaft!
  2429 | D:3      | Reached XP level 7. HP: 56/56 MP: 10/10
  2474 | D:3      | Found an ancient bone altar of Kikubaaqudgha.
  2871 | D:4      | HP: 2/84 [orc warrior/mace (3)]
  4220 | D:4      | Reached XP level 8. HP: 55/63 MP: 12/12
  4485 | D:4      | Found a sparkling altar of Nemelex Xobeh.
  4523 | D:4      | Found a staircase to the Ecumenical Temple.
  4523 | D:4      | Noticed Edmund
  4563 | D:4      | Killed Edmund
  4720 | Temple   | Entered the Ecumenical Temple
  5128 | Temple   | Became a worshipper of Qazlal Stormbringer
  5246 | D:4      | Found a sacrificial altar of Ru.
  5296 | D:5      | Entered Level 5 of the Dungeon
  6147 | D:5      | Reached * piety under Qazlal
  6222 | D:5      | Found a shattered altar of Ashenzari.
  6592 | D:6      | Reached XP level 9. HP: 69/69 MP: 14/14
  6968 | D:6      | Reached ** piety under Qazlal
  7223 | D:6      | Got a transparent ring mail
  7234 | D:6      | Identified the +2 ring mail "Toteeso" {rPois rN+ SInv} (You found it on level 6 of the Dungeon)
  7438 | D:6      | Reached skill level 5 in Evocations
  7698 | D:6      | Reached skill level 5 in Stealth
  8194 | D:7      | Reached skill level 5 in Invocations
  8330 | D:7      | Found a shadowy altar of Dithmenos.
  8358 | D:7      | Reached XP level 10. HP: 32/77 MP: 15/17
  8936 | D:7      | Found an iron altar of Okawaru.
  8937 | D:7      | Found a hazy altar of Hepliaklqana.
  8996 | D:7      | Noticed aronpayne's ghost (amateur DsFi)
  9005 | D:7      | Killed aronpayne's ghost
  9459 | D:8      | Found a bloodstained altar of Trog.
  9467 | D:8      | Reached skill level 5 in Long Blades
  9467 | D:8      | Reached skill level 5 in Axes
  9467 | D:8      | Reached skill level 5 in Maces & Flails
  9467 | D:8      | Reached skill level 5 in Polearms
  9467 | D:8      | Reached skill level 5 in Slings
  9467 | D:8      | Reached skill level 5 in Bows
  9467 | D:8      | Reached skill level 5 in Crossbows
  9467 | D:8      | Reached skill level 5 in Throwing
  9467 | D:8      | Reached skill level 5 in Armour
  9467 | D:8      | Reached skill level 5 in Shields
  9467 | D:8      | Reached skill level 5 in Unarmed Combat
  9467 | D:8      | Reached skill level 5 in Spellcasting
  9496 | D:8      | Reached *** piety under Qazlal
  9823 | D:8      | You fall through a shaft for 3 floors!
  9823 | D:11     | Noticed an orange crystal statue
  9828 | D:11     | Noticed a gargoyle
 10163 | D:11     | Noticed a two-headed ogre
 10168 | D:10     | Entered Level 10 of the Dungeon
 10507 | D:10     | Gained mutation: You are clumsy. (Dex -2) [potion of mutation]
 10507 | D:10     | Gained mutation: You are weak. (Str -2) [potion of mutation]
 10507 | D:10     | Gained mutation: Your spells are a little harder to cast, but a little more powerful. [potion of mutation]
 10509 | D:10     | Slain by a crocodile

Vault maps used:
D:1:      ldierk_walled_garden
D:2:      minmay_roachtagon, first_bread, uniq_natasha, uniq_sigmund
D:3:      cheibrodos_helix_gallery, marbit_many_paths
D:4:      nicolae_overflow_hidden_temple, minmay_temple_entry_junction,
          nemelex_dance_club_becter, uniq_edmund
D:5:      corexii_shantytown, lemuel_crystal_altar
D:7:      nicolae_dithmenos_the_darkroom, gammafunk_temple_overflow_statue
D:8:      serial_shops, shop, basic_altar, hangedman_pestilent_swarm,
          minmay_misc_feat_doors
D:10:     uniq_erica
D:11:     minivault_16
Temple:   minmay_temple_curvy_branch

Skill      XL: |  1  2  3  4  5  6  7  8  9 10 |
---------------+-------------------------------+-----
Invocations    | 1 2 3 4 5 6 |  6.1
Long Blades    | 1 2 3 4 5 |  5.5
Axes           | 1 2 3 4 5 |  5.5
Maces & Flails | 1 2 3 4 5 |  5.5
Polearms       | 1 2 3 4 5 |  5.5
Slings         | 1 2 3 4 5 |  5.5
Bows           | 1 2 3 4 5 |  5.5
Crossbows      | 1 2 3 4 5 |  5.5
Throwing       | 1 2 3 4 5 |  5.5
Armour         | 1 2 3 4 5 |  5.5
Shields        | 1 2 3 4 5 |  5.5
Unarmed Combat | 1 2 3 4 5 |  5.5
Spellcasting   | 1 2 3 4 5 |  5.5
Conjurations   | 1 2 3 4 |  4.5
Hexes          | 1 2 3 4 |  4.5
Charms         | 1 2 3 4 |  4.5
Summonings     | 1 2 3 4 |  4.5
Necromancy     | 1 2 3 4 |  4.5
Translocations | 1 2 3 4 |  4.5
Transmutations | 1 2 3 4 |  4.5
Fire Magic     | 1 2 3 4 |  4.5
Ice Magic      | 1 2 3 4 |  4.5
Air Magic      | 1 2 3 4 |  4.5
Earth Magic    | 1 2 3 4 |  4.5
Poison Magic   | 1 2 3 4 |  4.5
Evocations     | 3 4 5 6 |  6.1
Fighting       | 5 6 7 |  7.2
Short Blades   | 5 6 7 |  7.2
Staves         | 5 6 7 |  7.2
Dodging        | 5 6 7 |  7.2
Stealth        | 3 4 5 6 |  6.1

Action                   |  1- 3 |  4- 6 |  7- 9 | 10-12 || total
-------------------------+-------+-------+-------+-------++-------
Melee: Quarterstaff      |    71 |   103 |   181 |       ||   355
       Bite              |     5 |    11 |    62 |    30 ||   108
       Dire flail        |       |       |   239 |       ||   239
       Morningstar       |       |       |   137 |   155 ||   292
       Battleaxe         |       |       |     1 |       ||     1
       Punch             |       |       |       |     5 ||     5
Throw: Javelin           |       |    15 |    34 |       ||    49
       Tomahawk          |       |       |     9 |    19 ||    28
Invok: Upheaval          |       |       |       |     6 ||     6
       Elemental Force   |       |       |       |     1 ||     1
Evoke: Wand              |       |       |    11 |    10 ||    21
  Use: Potion            |       |       |    14 |    10 ||    24
       Scroll            |       |       |     4 |       ||     4
 Stab: Sleeping          |     3 |     4 |    10 |       ||    17
       Distracted        |       |     2 |       |       ||     2
  Eat: Chunk             |       |     5 |    17 |       ||    22
       Fruit             |       |       |     3 |     3 ||     6
       Royal jelly       |       |       |       |     2 ||     2
       Bread ration      |       |       |       |     1 ||     1
Armor: Robe              |    10 |     4 |    10 |       ||    24
       Skin              |       |       |     3 |       ||     3
       Scale mail        |       |       |    96 |       ||    96
       Ring mail         |       |       |    60 |    45 ||   105
Dodge: Dodged            |    45 |    62 |   330 |   125 ||   562
Block: Other             |       |       |    17 |    29 ||    46

Table legend:
 A = Spawn XP
 B = Non-spawn XP
 C = Spawn XP percentage of total XP
 D = Spawn monster count
 E = Non-spawn monster count
 F = Spawn count percentage of total count
 G = Total turns spent on level
                    A         B        C        D         E        F      G
               +---------+---------+-------+---------+---------+-------+---------
         Total |       0 |    8398 |   0.0 |       0 |     249 |   0.0 | 10509
               +---------+---------+-------+---------+---------+-------+---------
           D:1 |       0 |      27 |   0.0 |       0 |      11 |   0.0 |   822
           D:2 |       0 |     510 |   0.0 |       0 |      45 |   0.0 |  1388
           D:3 |       0 |     190 |   0.0 |       0 |      18 |   0.0 |   587
           D:4 |       0 |     787 |   0.0 |       0 |      36 |   0.0 |  2049
           D:5 |       0 |     582 |   0.0 |       0 |      47 |   0.0 |  1158
           D:6 |       0 |    1605 |   0.0 |       0 |      30 |   0.0 |  1420
           D:7 |       0 |    1609 |   0.0 |       0 |      23 |   0.0 |  1269
           D:8 |       0 |     849 |   0.0 |       0 |       8 |   0.0 |   680
          D:10 |       0 |    1924 |   0.0 |       0 |      17 |   0.0 |   341
          D:11 |       0 |     315 |   0.0 |       0 |      14 |   0.0 |   345
               +---------+---------+-------+---------+---------+-------+---------
